 Dungeon Crawl Stone Soup version 0.27-a0-951-gae3e1deef5 (webtiles) character file.

Game seed: 10914753697206757968

7 jasper the Sneak (level 1, -11/18 HPs)
             Began as a Demonspawn Delver on Apr 11, 2021.
             Killed from afar by a white imp (12 damage)
             ... with a puff of frost
             ... summoned by Eustachio
             ... on level 6 of the Dungeon.
             The game lasted 00:00:23 (59 turns).

jasper the Sneak (Demonspawn Delver)                  Turns: 59, Time: 00:00:24

Health: -11/18     AC:  3    Str: 12    XL:     1   Next: 91%
Magic:  1/1        EV: 12    Int: 11    God:
Gold:   0          SH:  0    Dex: 14    Spells: 0/0 levels left

rFire    . . .     SeeInvis .     - Unarmed
rCold    . . .     Faith    .   (no shield)
rNeg     . . .     Spirit   .   a - +0 leather armour
rPois    .         Reflect  .   (no helmet)
rElec    .         Harm     .   (no cloak)
rCorr    .         Rampage  .   (no gloves)
Will     .....                  (no boots)
Stlth    ++........             (no amulet)
HPRegen  0.06/turn              (no ring)
MPRegen  0.07/turn              (no ring)

@: hasted, very quick
A: no striking features
a: no special abilities


You were on level 6 of the Dungeon.
You visited 1 branch of the dungeon, and saw 2 of its levels.

Inventory:

Armour
 a - a +0 leather armour (worn)
 e - a +0 chain mail
Wands
 f - a wand of digging (3)
Scrolls
 b - a scroll of fog
 c - a scroll of magic mapping


   Skills:
 + Level 3.1 Fighting
 + Level 2.0 Dodging
 - Level 4.5 Stealth
 * Level 2.1 Unarmed Combat


You couldn't memorise any spells.
You didn't know any spells.
Your spell library was empty.

Dungeon Overview and Level Annotations

Branches:
Dungeon (6/15)
 Temple: D:4-7

Altars:

Annotations:
D:6 Eustachio


Message History

Eustachio closely misses you.
Eustachio gestures wildly while chanting.
Eustachio blinks!
You hit Eustachio.
Eustachio is lightly wounded.
You closely miss Eustachio.
Eustachio is lightly wounded.
Eustachio gestures wildly while chanting.
You hit Eustachio but do no damage.
Eustachio is lightly wounded.
As you read the scroll of fear, it crumbles to dust.
You assume a fearsome visage.
Eustachio looks frightened!
The white imp is unaffected. x2
Eustachio casts a spell.
Eustachio blinks!
The white imp gestures at you. The puff of frost misses you.
The puff of frost hits Eustachio!
The white imp's attack snaps Eustachio out of his fear.
As you read the scroll labelled VUNODATETUPH, it crumbles to dust.
It is a scroll of identify.
You don't have any unidentified items.
Eustachio completely misses you.
You closely miss Eustachio.
Eustachio is moderately wounded.
The white imp barely misses you.
You barely miss Eustachio.
Eustachio is moderately wounded.
Eustachio gestures wildly while chanting.
The white imp hits you. The white imp freezes you.
* * * LOW HITPOINT WARNING * * *
You take 7 damage, and have 1/18 hp.
MASSIVE DAMAGE!!
You hit the white imp.
The white imp is heavily wounded.
Eustachio misses you.
You hit the white imp but do no damage.
The white imp is heavily wounded.
The white imp gestures at you. The puff of frost hits you!
Ouch! That really hurt!
You die...

#.##.##..# #.#
#........# #.#
#....##..# #.#
#.#####..# #.#
####.#####..#
#.######...........#
#...........########
#.######.##.#
#..5@@5r.##.#
###########.#
..........#
.##########


You could see Eustachio, 2 white imps and a quokka (summoned).

Vanquished Creatures
  A shadow imp (D:6)
1 creature vanquished.

Notes
Turn   | Place    | Note
-------+----------+-------------------------------------------
     0 | D:5      | jasper the Demonspawn Delver began the quest for the Orb.
     0 | D:5      | Reached XP level 1. HP: 18/18 MP: 1/1
    42 | D:6      | Noticed Eustachio
    59 | D:6      | Killed from afar by a white imp

Illustrated notes

Levels and vault maps discovered:
D:5:      layout_basic, nicolae_overflow_hidden_temple
D:6:      layout_loops_ring, minmay_temple_entry_junction, serial_shops, shop,
          uniq_eustachio

Skill      XL: |  1 |
---------------+----+-----
Dodging        | 2 |  2.0
Unarmed Combat | 2 |  2.1
Fighting       | |  3.1
Stealth        | |  4.5

Action                   || total
-------------------------++-------
Melee: Unarmed           ||    15
  Use: Scroll            ||     2
       Potion            ||     1
Dodge: Dodged            ||     7

Table legend: (Time is in decaauts)
 A = Elapsed time spent in this place.
 B = Non-inter-level travel time spent in this place.
 C = Inter-level travel time spent in this place.
 D = Time resting spent in this place.
 E = Time spent auto-exploring this place.
 F = Levels seen in this place.
 G = Mean time per level.
                   A        B        C        D        E       F      G
               +--------+--------+--------+--------+--------+-----+--------+
         Total |     45 |     45 |      0 |      0 |     13 |   2 |   22.5 |
       Dungeon |     45 |     45 |      0 |      0 |     13 |   2 |   22.5 |
               +--------+--------+--------+--------+--------+-----+--------+

Top non-repeatable levels by time:
     D:6: 44 daAuts
     D:5: 1 daAuts
